 Dungeon Crawl Stone Soup version 0.26-a0-996-g6b303dbc09 (webtiles) character file.

Game seed: 17114294432894312382

48641 Conn the Spear-Bearer (level 14, -11/90 HPs)
             Began as an Octopode Fire Elementalist on Dec 6, 2020.
             Was a High Priest of Vehumet.
             Mangled by an acid blob (34 damage)
             ... on level 6 of the Lair of Beasts.
             The game lasted 01:57:16 (32712 turns).

Conn the Spear-Bearer (Octopode Fire Elementalist) Turns: 32712, Time: 01:57:16

Health: -11/90     AC: 12    Str: 14    XL:     14   Next: 47%
Magic:  2/27       EV: 24    Int: 26    God:    Vehumet [*****.]
Gold:   1495       SH:  0    Dex: 24    Spells: 3/31 levels left

rFire    + . .     SeeInvis .   a - +9 scythe (protect)
rCold    + + .     Faith    .   (shield currently unavailable)
rNeg     . . .     Spirit   .   P - +0 hat "Uteig" {rC+ Stlth+}
rPois    .         Reflect  .   (no amulet)
rElec    .         Harm     .   o - ring of protection from magic
rCorr    +         Rampage  .   G - +6 ring of strength
MR       +++..     Clarity  +   H - ring of protection from cold
Stlth    +++++++...             K - ring of resist corrosion
HPRegen  0.25/turn              p - +6 ring of dexterity
MPRegen  0.20/turn              L - ring of Tinkehudd {rF+ MR+ Int+2}
                                Q - +4 ring of protection
                                e - +6 ring of dexterity

@: protection aura
A: almost no armour, stealthy swim, amphibious, 8 rings, constrict 8, camouflage
1, clarity, clever 1, gelatinous body 1
a: Renounce Religion


You were on level 6 of the Lair of Beasts.
You worshipped Vehumet.
Vehumet was extremely pleased with you.
You visited 5 branches of the dungeon, and saw 21 of its levels.

You collected 1495 gold pieces.

Inventory:

Hand Weapons
 a - a +9 scythe of protection (weapon)
 b - the +10 hunting sling "Spiderbane" {freeze, *Slow rC+ Str+5 Int+4}
   (You found it on level 4 of the Lair of Beasts)

   It causes projectiles fired from it to freeze those they strike, causing
   extra injury to most foes and up to half again as much damage against
   particularly susceptible opponents.
   They can also slow down cold-blooded creatures.
   It affects your strength (+5).
   It affects your intelligence (+4).
   It protects you from cold.
   It may slow you when you take damage.
 m - the +0 hand axe of Breach {drain, rC+ Stlth+}
   (You took it off an orc on level 3 of the Dungeon)

   A truly terrible weapon, it drains the life of those it strikes.
   It protects you from cold.
   It makes you more stealthy.
 J - a +4 vorpal scimitar
Missiles
 l - 65 poisoned darts (quivered)
 r - 11 atropa-tipped darts
 u - 4 boomerangs of dispersal
 U - 229 sling bullets
Armour
 P - the +0 hat "Uteig" (worn) {rC+ Stlth+}
   (You acquired it on level 3 of the Lair of Beasts)

   It protects you from cold.
   It makes you more stealthy.
Magical Staves
 n - an uncursed staff of air
Jewellery
 e - a +6 ring of dexterity (on tentacle)
 o - a ring of protection from magic (left tentacle)
 p - a +6 ring of dexterity (on tentacle)
 G - a +6 ring of strength (right tentacle)
 H - a ring of protection from cold (on tentacle)
 I - an uncursed ring of protection from fire
 K - a ring of resist corrosion (on tentacle)
 L - the ring of Tinkehudd (on tentacle) {rF+ MR+ Int+2}
   (You took it off a centaur on level 11 of the Dungeon)

   [ring of protection from magic]

   It affects your intelligence (+2).
   It protects you from fire.
   It affects your resistance to hostile enchantments.
 Q - a +4 ring of protection (on tentacle)
 R - an uncursed ring of see invisible
Wands
 j - a wand of polymorph (35)
 y - a wand of flame (42)
 C - a wand of paralysis (9)
 D - a wand of random effects (15)
 F - a wand of acid (13)
Scrolls
 d - 3 scrolls of amnesia
 f - a scroll of silence
 g - 23 scrolls of identify
 h - 11 scrolls of remove curse
 i - 9 scrolls of teleportation
 k - 3 scrolls of random uselessness
 q - 2 scrolls of blinking
 x - a scroll of magic mapping
 z - a scroll of brand weapon
 M - 2 scrolls of fog
Potions
 v - a potion of magic {unknown}
 A - 5 potions of brilliance
 B - a potion of invisibility
 E - 2 potions of attraction
 N - 2 potions of haste
 S - 3 potions of lignification


   Skills:
 + Level 6.6 Fighting
 + Level 12.0 Polearms
 * Level 5.1 Slings
 + Level 11.3 Dodging
 + Level 10.1 Stealth
 * Level 9.0 Spellcasting
 + Level 8.3 Conjurations
 + Level 8.8 Fire Magic
 - Level 3.0 Air Magic
 - Level 3.0 Poison Magic


You had 3 spell levels left.
You knew the following spells:

 Your Spells              Type           Power        Failure   Level
a - Foxfire               Conj/Fire      ####         1%          1
b - Conjure Flame         Conj/Fire      ######..     1%          3
c - Blink                 Tloc           N/A          8%          2
d - Sticky Flame          Conj/Fire      ######..     1%          4
e - Freeze                Ice            ##..         1%          1
f - Iskenderun's Mystic   Conj/Tloc      ####....     2%          4
g - Mephitic Cloud        Conj/Pois/Air  #####...     1%          3
h - Ignite Poison         Fire/Tmut/Pois ####....     1%          3
i - Fireball              Conj/Fire      ######....   1%          5
j - Searing Ray           Conj           ######       1%          2

Your spell library contained the following spells:

 Spells                   Type           Power        Failure   Level
 Hailstorm                Conj/Ice       ####....     2%          4
 Magic Dart               Conj           ####         1%          1
 Sandblast                Erth           ##....       1%          1
 Dazzling Flash           Conj/Hex       ####..       1%          3
 Inner Flame              Hex/Fire       ####....     1%          3
 Stone Arrow              Conj/Erth      ####..       1%          3
 Poisonous Vapours        Pois/Air       ####..       2%          2
 Animate Skeleton         Necr           ##....       4%          1
 Apportation              Tloc           ##....       4%          1
 Corona                   Hex            ##.....      4%          1
 Summon Small Mammal      Summ           ##..         4%          1
 Call Imp                 Summ           ##......     8%          2
 Passwall                 Tmut/Erth      ##......     8%          2
 Call Canine Familiar     Summ           ##......     16%         3
 Confusing Touch          Hex            ##......     16%         3
 Gell's Gravitas          Tloc           ##........   16%         3
 Lesser Beckoning         Tloc           ##........   16%         3
 Summon Guardian Golem    Hex/Summ       ##......     16%         3
 Teleport Other           Tloc           ##......     16%         3
 Tukima's Dance           Hex            ##......     16%         3
 Fulminant Prism          Conj/Hex       ####......   2%          4
 Summon Lightning Spire   Summ/Air       ###.....     26%         4
 Lee's Rapid Deconstruct  Erth           ##........   32%         5
 Yara's Violent Unravell  Hex/Tmut       ##........   32%         5
 Freezing Cloud           Conj/Ice/Air   ####......   38%         6
 Passage of Golubria      Tloc           N/A          45%         4
 Petrify                  Tmut/Erth      ##......     45%         4
 Summon Ice Beast         Ice/Summ       ##......     45%         4
 Alistair's Intoxication  Tmut/Pois      ###......    58%         5
 Metabolic Englaciation   Hex/Ice        ##........   80%         5
 Invisibility             Hex            ##......     100%        6


Dungeon Overview and Level Annotations

Branches:
Dungeon (12/15)            Temple (1/1) D:5            Lair (6/6) D:8
 Shoals (0/4) Lair:4        Snake (0/4) Lair:4        Slime (1/5) Lair:6
    Orc (1/2) D:11

Altars:
Ashenzari
Cheibriados
Dithmenos
Elyvilon
Fedhas
Gozag
Hepliaklqana
Kikubaaqudgha
Makhleb
Nemelex Xobeh
Okawaru
Qazlal
Ru
Sif Muna
Trog
Uskayaw
Vehumet
Wu Jian
Xom
Yredelemnul
Zin
The Shining One
Beogh

Shops:
D:10 [

Annotations:
D:3 Askman's ghost, weakling DsFi
D:6 Trueduck's ghost, novice FoFi
D:7 1 runed translucent door, sylvie's ghost, novice HOFi
D:11 Erolcha
Lair:6 1 runed translucent door


Innate Abilities, Weirdness & Mutations

You cannot wear most types of armour.
You are very stealthy in the water. (Stealth+)
You are amphibious.
You can wear up to eight rings at the same time.
You can use your tentacles to constrict eight enemies at once.
Your skin changes colour to match your surroundings (Stealth+).
Your rubbery body absorbs attacks. (AC +1, EV +1)
You possess an exceptional clarity of mind.
Your mind is acute. (Int +2)


Message History

The acid blob burns! x2; The slime creature misses you.
The acid blob spits acid at you. The splash of acid hits you. You resist.
You are splashed with acid.
You resist.
The slime creature hits you but does no damage.
The acid blob hits you!!
* * * LOW HITPOINT WARNING * * *
You are splashed with acid.
You resist.
* * * LOW HITPOINT WARNING * * *
Okay, then.
Unknown command.
Unknown command.
Okay, then.
Unknown command.
Unknown command.
As you read the scroll of fear, it crumbles to dust.
You assume a fearsome visage.
The slime creature looks frightened!
The acid blob resists with almost no effort.
The acid blob burns!
The acid blob hits you!!
You die...

##...(....P#
##P........ #..#......
######...[..
##..##....... ####
#............
###..#####...........
#......###...........
#..@.# #............
##..J.# ##...........
#.J...# #............
##....####...##.......
#....####...## ##.#.#.
#.....##...## ####
#...####....#
#...###....##
#..##.....##


You could see an acid blob (burning) and a slime creature (fleeing).

Vanquished Creatures
  An azure jelly (Slime:1)
  A boulder beetle (Lair:4)
  3 hydras
  Erica (D:11)
  6 death yaks
  2 two-headed ogres (D:12)
  A queen ant (Lair:3)
  Nergalle (Lair:1)
  An unseen horror (D:12)
  2 lindwurms (Lair:6)
  An orc knight (D:10)
  A deep elf mage (D:10)
  An ugly thing (D:11)
  3 oklob plants (Lair:6)
  4 black mambas
  6 elephants (Lair:3)
  2 gargoyles
  6 torpor snails
  Maggie (D:9)
  17 cane toads
  2 rime drakes
  13 komodo dragons
  2 polar bears (Lair:6)
  3 trolls (D:9)
  4 tyrant leeches (Lair:6)
  5 hornets (Lair:6)
  11 blink frogs
  A snapping turtle (Lair:4)
  A meliai zombie (D:12)
  Sigmund (D:4)
  A spriggan (Lair:4)
  A vampire (D:11)
  A wraith (D:12)
  A basilisk (Lair:3)
  Eustachio (D:6)
  4 wyverns
  22 yaks
  A steam dragon (Lair:4)
  Grum (D:9)
  2 wargs
  Edmund (D:5)
  2 nagas (Lair:4)
  5 soldier ants (Lair:3)
  An acid dragon (D:11)
  11 water moccasins
  A swamp drake (D:11)
  An ice beast (D:11)
  3 phantoms
  2 eyes of draining
  2 necrophages
  2 sky beasts
  A black bear (Lair:1)
  11 ogres
  3 orc warriors
  8 centaurs
  8 wolves
  2 big kobolds
  16 bullfrogs
  A hornet simulacrum (D:6)
  5 scorpions
  2 wights
  4 howler monkeys
  An electric eel (Lair:3)
  2 jellies
  A bullfrog zombie (D:6)
  4 centaur zombies
  4 hounds
  3 bullfrog skeletons
  9 orc priests
  A centaur skeleton (D:5)
  5 orc wizards
  4 iguanas
  13 worker ants
  7 hell rats (Lair:5)
  A killer bee zombie (D:8)
  A hound zombie (D:6)
  3 hound skeletons
  A worker ant zombie (D:11)
  12 gnolls
  12 adders
  2 white imps
  An ufetubus (D:9)
  An ooze (D:4)
  3 adder skeletons
  2 worms (D:2)
  3 dart slugs
  4 leopard geckos
  40 orcs
  4 giant cockroaches
  2 goblins (D:2)
  12 hobgoblins
  10 jackals
  10 kobolds
  6 quokkas
  8 bats
  4 frilled lizards
  A quokka skeleton (D:4)
  A quokka zombie (D:7)
  5 rats
  2 butterflies (D:9)
436 creatures vanquished.

Vanquished Creatures (collateral kills)
  A hydra (D:11)
  A torpor snail (Lair:6)
  2 hornets (Lair:6)
  An orc (D:11)
5 creatures vanquished.

Vanquished Creatures (others)
  1203 foxfires
  36 fungi
  68 plants
1307 creatures vanquished.

Grand Total: 1748 creatures vanquished

Notes
Turn   | Place    | Note
-------+----------+-------------------------------------------
     0 | D:1      | Conn the Octopode Fire Elementalist began the quest for the
                  | Orb.
     0 | D:1      | Reached XP level 1. HP: 11/11 MP: 3/3
   301 | D:1      | Reached XP level 2. HP: 17/17 MP: 3/5
   890 | D:1      | Reached XP level 3. HP: 21/21 MP: 2/6
  1288 | D:2      | Reached XP level 4. HP: 27/27 MP: 2/7
  2116 | D:3      | Learned a level 3 spell: Conjure Flame
  2120 | D:3      | Learned a level 3 spell: Inner Flame
  2304 | D:3      | Identified the +0 hand axe of Breach {drain, rC+ Stlth+}
  2305 | D:3      | Found a runed translucent gate.
  2305 | D:3      | Found a runed translucent gate.
  2305 | D:3      | Found a runed translucent gate.
  2307 | D:3      | Noticed Askman's ghost (weakling DsFi)
  2311 | D:3      | Found a roughly hewn altar of Beogh.
  2320 | D:3      | Gained mutation: You possess an exceptional clarity of
                  | mind. [potion of mutation]
  2320 | D:3      | Gained mutation: Your mind is acute. (Int +2) [potion of
                  | mutation]
  2461 | D:3      | Reached skill level 5 in Dodging
  2461 | D:3      | Reached XP level 5. HP: 31/31 MP: 1/8
  2882 | D:3      | Found a shadowy altar of Dithmenos.
  3835 | D:4      | Reached XP level 6. HP: 31/36 MP: 3/9
  4346 | D:4      | Reached XP level 7. HP: 41/41 MP: 6/10
  4650 | D:4      | Found a shimmering blue altar of Sif Muna.
  4979 | D:4      | Found a glowing silver altar of Zin.
  5040 | D:4      | Noticed Sigmund
  5057 | D:4      | Killed Sigmund
  5465 | D:5      | Entered Level 5 of the Dungeon
  5559 | D:5      | Reached XP level 8. HP: 46/46 MP: 11/11
  5648 | D:5      | Found a staircase to the Ecumenical Temple.
  5663 | Temple   | Entered the Ecumenical Temple
  5914 | Temple   | Became a worshipper of Vehumet
  5944 | D:5      | Reached skill level 1 in Polearms
  6187 | D:5      | Found an ancient bone altar of Kikubaaqudgha.
  6456 | D:5      | Reached skill level 2 in Polearms
  6910 | D:5      | Noticed Edmund
  6956 | D:5      | Killed Edmund
  6957 | D:5      | Reached skill level 3 in Polearms
  7904 | D:6      | Reached skill level 4 in Polearms
  8419 | D:5      | Learned a level 4 spell: Sticky Flame
  8716 | D:6      | Reached XP level 9. HP: 26/51 MP: 8/12
  8903 | D:6      | Found a sparkling altar of Nemelex Xobeh.
  8922 | D:6      | Noticed Eustachio
  8951 | D:7      | Noticed sylvie's ghost (novice HOFi)
  8954 | D:7      | Found a runed translucent door.
  9010 | D:7      | Found an opulent altar of Gozag.
  9155 | D:7      | Found a burning altar of Makhleb.
  9162 | D:7      | Reached skill level 5 in Polearms
  9260 | D:7      | Found a white marble altar of Elyvilon.
  9694 | D:6      | Killed Eustachio
  9695 | D:6      | Reached skill level 1 in Fighting
  9870 | D:6      | Reached skill level 5 in Stealth
 10015 | D:6      | Reached * piety under Vehumet
 10015 | D:6      | Offered knowledge of Freeze by Vehumet.
 10020 | D:6      | Learned a level 1 spell: Freeze
 10152 | D:6      | Found a runed translucent gate.
 10152 | D:6      | Found a runed translucent gate.
 10152 | D:6      | Found a runed translucent gate.
 10152 | D:6      | Noticed Trueduck's ghost (novice FoFi)
 10532 | D:8      | Found an ornate altar of the Wu Jian Council.
 10921 | D:8      | Reached skill level 6 in Polearms
 10921 | D:8      | Reached skill level 5 in Fire Magic
 10927 | D:8      | Found a staircase to the Lair.
 11401 | D:8      | Found a bloodstained altar of Trog.
 11647 | D:8      | Found a hide-covered altar of Uskayaw.
 12095 | D:9      | Reached XP level 10. HP: 40/61 MP: 13/13
 12741 | D:6      | Found a snail-covered altar of Cheibriados.
 12776 | D:6      | Reached skill level 7 in Polearms
 13918 | D:9      | Noticed Grum
 13966 | D:9      | HP: 2/93 [Grum/+1 halberd (8)]
 13972 | D:9      | Killed Grum
 14505 | D:9      | Found a shimmering altar of Xom.
 14677 | D:9      | You fall into a shaft and drop 1 floor!
 14677 | D:10     | Entered Level 10 of the Dungeon
 14711 | D:10     | Noticed an orc knight
 14735 | D:10     | Noticed a deep elf mage
 14781 | D:10     | Killed an orc knight
 14789 | D:10     | Killed a deep elf mage
 14790 | D:10     | Reached skill level 8 in Polearms
 14790 | D:10     | Reached skill level 10 in Dodging
 15172 | D:10     | Noticed a gargoyle
 15192 | D:10     | Killed a gargoyle
 15380 | D:10     | Reached ** piety under Vehumet
 15433 | D:10     | Found Laisoff's Antique Armour Emporium.
 15455 | D:9      | Offered knowledge of Sandblast by Vehumet.
 15471 | D:9      | Found a basalt altar of Yredelemnul.
 15471 | D:9      | Found an iron altar of Okawaru.
 15479 | D:9      | Reached XP level 11. HP: 68/68 MP: 10/14
 15505 | D:9      | Learned a level 1 spell: Sandblast
 16051 | D:9      | Noticed Maggie
 16067 | D:9      | Killed Maggie
 16717 | D:10     | Reached skill level 5 in Conjurations
 17233 | D:11     | Noticed a red ugly thing
 17243 | D:11     | Killed a white ugly thing
 17318 | D:11     | Reached skill level 9 in Polearms
 17614 | D:11     | Noticed Erica
 17629 | D:11     | Killed Erica
 17859 | D:11     | Identified the ring of Tinkehudd {rF+ MR+ Int+2}
 18024 | D:11     | Offered knowledge of Static Discharge by Vehumet.
 18025 | D:11     | Found a staircase to the Orcish Mines.
 18035 | D:11     | Noticed a five-headed hydra
 18132 | D:11     | Noticed Erolcha
 18148 | D:11     | Killed a five-headed hydra
 18457 | D:10     | Learned a level 3 spell: Mephitic Cloud
 18780 | D:11     | Reached skill level 1 in Air Magic
 19118 | Orc:1    | Entered Level 1 of the Orcish Mines
 19241 | D:12     | Noticed a two-headed ogre
 19270 | D:12     | Killed a two-headed ogre
 19271 | D:12     | Reached skill level 1 in Poison Magic
 19370 | D:12     | Noticed an unseen horror
 19372 | D:12     | Killed an unseen horror
 19643 | D:12     | Reached XP level 12. HP: 33/76 MP: 17/17
 19845 | D:12     | Reached *** piety under Vehumet
 20144 | D:12     | Noticed a two-headed ogre
 20165 | D:12     | Killed a two-headed ogre
 20806 | Lair:1   | Entered Level 1 of the Lair of Beasts
 21027 | Lair:1   | Reached skill level 5 in Fighting
 21027 | Lair:1   | Reached skill level 10 in Polearms
 21389 | Lair:1   | Offered knowledge of Ignite Poison by Vehumet.
 21394 | Lair:1   | Learned a level 3 spell: Ignite Poison
 21522 | Lair:1   | Noticed Nergalle
 21525 | Lair:1   | Noticed a six-headed hydra
 21553 | Lair:1   | Killed a seven-headed hydra
 21616 | Lair:1   | Killed Nergalle
 21954 | Lair:2   | Reached skill level 5 in Spellcasting
 23289 | Lair:3   | Noticed a death yak
 23314 | Lair:3   | Killed a death yak
 23906 | Lair:3   | Reached XP level 13. HP: 49/82 MP: 20/22
 24583 | Lair:3   | Reached **** piety under Vehumet
 24591 | Lair:3   | Learned a level 5 spell: Fireball
 24592 | Lair:3   | Identified a scroll of acquirement
 24592 | Lair:3   | Acquired the +0 hat "Uteig" {rC+ Stlth+}
 24972 | Lair:3   | Offered knowledge of Irradiate by Vehumet.
 25000 | Lair:3   | Learned a level 2 spell: Blink
 25006 | Lair:3   | Learned a level 4 spell: Iskenderun's Mystic Blast
 25039 | Lair:3   | Reached skill level 11 in Polearms
 26413 | Lair:4   | Found a staircase to the Snake Pit.
 27395 | Lair:4   | Got a steaming hunting sling
 27396 | Lair:4   | Identified the +10 hunting sling "Spiderbane" {freeze,
                  | *Slow rC+ Str+5 Int+4} (You found it on level 4 of the Lair
                  | of Beasts)
 27876 | Lair:4   | Found a staircase to the Shoals.
 28387 | Lair:5   | Reached skill level 1 in Slings
 29273 | Lair:5   | Found a shimmering altar of Xom.
 29722 | Lair:6   | Entered Level 6 of the Lair of Beasts
 30701 | Lair:5   | Learned a level 3 spell: Ignite Poison
 30704 | Lair:5   | Learned a level 2 spell: Searing Ray
 30803 | Lair:5   | Reached XP level 14. HP: 32/90 MP: 19/26
 31127 | Lair:6   | Found a runed translucent door.
 31494 | Lair:6   | Reached skill level 10 in Stealth
 31961 | Lair:6   | Reached ***** piety under Vehumet
 31998 | Lair:6   | Offered knowledge of Hailstorm by Vehumet.
 32565 | Lair:6   | Reached skill level 5 in Slings
 32565 | Lair:6   | Found a staircase to the Slime Pits.
 32693 | Slime:1  | Entered Level 1 of the Pits of Slime
 32693 | Slime:1  | Noticed an azure jelly
 32697 | Slime:1  | Noticed an acid blob
 32698 | Slime:1  | Killed an azure jelly
 32699 | Slime:1  | Reached skill level 12 in Polearms
 32712 | Lair:6   | Mangled by an acid blob

Illustrated notes

Levels and vault maps discovered:
D:1:      dpeg_arrival_simpleton_c, layout_loops_ring, st_stairs_2,
          grunt_decor_mini_mirrors
D:2:      layout_basic, minmay_misc_feat_tower, kennysheep_path_1,
          glass_columns_b
D:3:      layout_rooms, biasface_ghost_orc_armoury, minmay_misc_feat_room,
          nicolae_dithmenos_through_a_glass_darkly
D:4:      layout_loops_corners, nicolae_overflow_hidden_temple,
          general_overflow_altar, st_stairs_9, uniq_sigmund
D:5:      layout_basic, overflow_temple_1_default,
          minmay_temple_entry_overgrown, uniq_edmund
D:6:      layout_basic, nemelex_xobeh_ov_fountains_minmay,
          kennysheep_slug_shrine, gammafunk_ghost_necromancy, uniq_eustachio
D:7:      layout_basic, elyvilon_altar_3, lemuel_doored_altar,
          hellmonk_ghost_happy_afterlife, makhleb_heckhound_becter
D:8:      minmay_recursive_quarters, layout_cave_pools,
          nicolae_overflow_crystal_walls, trog_eyes_of_draining,
          kennysheep_mini_moat
D:9:      layout_loops_corners, xom_butterflies,
          gammafunk_temple_overflow_elements, uniq_maggie, uniq_grum
D:10:     kennysheep_blocky_room, layout_long_grid, serial_shops,
          nicolae_shop_crystal
D:11:     layout_basic, erik_orc_1, chequers_serial_rivers_small_3, st_stairs_1,
          uniq_erolcha, uniq_erica
D:12:     layout_loops_cross
Temple:   compressed_dpeg_triangle_lava_temple
Lair:1:   layout_cave_shapes, st_stairs_6, uniq_nergalle
Lair:2:   layout_cave_pods, lemuel_fruit_tree
Lair:3:   layout_long_grid, nicolae_volcano_entry_hallway, wad_woods_antlair,
          infiniplex_staircase_pool
Lair:4:   layout_layer_cave, minmay_shoals_entry_hut,
          guppyfry_snake_entry_garden, grunt_forest_large_clearing_hut
Lair:5:   layout_gridlike, basic_altar, grunt_megastairs_5
Lair:6:   hangedman_lair_caniforms_friends, layout_misc_corridors, wormcave,
          minmay_slime_entry_oklob_enclosed, nicolae_quartered_pool_little
Slime:1:  layout_caves, cheibrodos_slime_lost_civilization_4
Orc:1:    layout_caves, gammafunk_ghost_cemetery

Skill      XL: |  1  2  3  4  5  6  7  8  9 10 11 12 13 14 |
---------------+-------------------------------------------+-----
Dodging        | 3 4 5 6 7 8 9 10 11 | 11.3
Stealth        | 3 4 6 8 9 10 | 10.1
Polearms       | 4 6 8 9 10 11 12 | 12.0
Fire Magic     | 4 5 6 7 8 |  8.8
Fighting       | 2 3 4 5 6 |  6.6
Conjurations   | 3 4 5 7 8 |  8.3
Spellcasting   | 3 6 8 9 |  9.0
Air Magic      | 2 3 |  3.0
Poison Magic   | 2 3 |  3.0
Slings         | 4 5 |  5.1

Action                   |  1- 3 |  4- 6 |  7- 9 | 10-12 | 13-15 || total
-------------------------+-------+-------+-------+-------+-------++-------
Melee: Whip              |     9 |    36 |       |       |       ||    45
       Constrict         |     3 |    17 |    37 |    27 |    35 ||   119
       Tentacles         |     2 |    12 |    28 |    49 |    55 ||   146
       Staff             |       |     1 |       |       |       ||     1
       Hand axe          |       |    14 |    24 |       |       ||    38
       Scythe            |       |       |   181 |   267 |   239 ||   687
 Fire: Hunting sling     |       |       |       |       |    56 ||    56
Throw: Dart              |       |       |     6 |     8 |       ||    14
 Cast: Foxfire           |    42 |   111 |   173 |   266 |    81 ||   673
       Conjure Flame     |       |     1 |    11 |    33 |     1 ||    46
       Freeze            |       |       |     2 |     1 |       ||     3
       Sticky Flame      |       |       |     1 |    36 |    45 ||    82
       Mephitic Cloud    |       |       |       |    14 |    33 ||    47
       Ignite Poison     |       |       |       |     1 |     2 ||     3
       Iskenderun's Myst |       |       |       |       |    17 ||    17
       Fireball          |       |       |       |       |    20 ||    20
       Blink             |       |       |       |       |     3 ||     3
       Searing Ray       |       |       |       |       |     2 ||     2
Evoke: Wand              |       |       |     1 |     8 |     3 ||    12
  Use: Potion            |       |     5 |     4 |     4 |    11 ||    24
       Scroll            |       |     3 |     2 |    16 |    13 ||    34
 Stab: Sleeping          |     2 |       |    12 |    12 |     2 ||    28
       Distracted        |       |       |     1 |     1 |       ||     2
       Paralysed         |       |       |     3 |     6 |       ||     9
       Invisible         |       |       |     1 |       |     2 ||     3
       Confused          |       |       |       |     9 |     8 ||    17
Armor: Skin              |     3 |     9 |    34 |    61 |    46 ||   153
Dodge: Dodged            |    20 |    86 |   311 |   393 |   366 ||  1176

Table legend: (Time is in decaauts)
 A = Elapsed time spent in this place.
 B = Non-inter-level travel time spent in this place.
 C = Inter-level travel time spent in this place.
 D = Time resting spent in this place.
 E = Time spent auto-exploring this place.
 F = Levels seen in this place.
 G = Mean time per level.
                   A        B        C        D        E       F      G
               +--------+--------+--------+--------+--------+-----+--------+
         Total |  33184 |  32471 |    713 |   9547 |  14351 |  21 | 1580.2 |
       Dungeon |  20819 |  20179 |    640 |   4957 |   9402 |  12 | 1734.9 |
        Temple |    264 |    264 |      0 |      0 |    236 |   1 |  264.0 |
          Lair |  12066 |  11993 |     73 |   4590 |   4713 |   6 | 2011.0 |
    Slime Pits |     13 |     13 |      0 |      0 |      0 |   1 |   13.0 |
  Orcish Mines |     19 |     19 |      0 |      0 |      0 |   1 |   19.0 |
               +--------+--------+--------+--------+--------+-----+--------+

Top non-repeatable levels by time:
     D:5: 2952 daAuts
  Lair:4: 2700 daAuts
     D:9: 2561 daAuts
  Lair:3: 2547 daAuts
  Lair:5: 2357 daAuts
     D:6: 2022 daAuts
     D:4: 1775 daAuts
  Lair:6: 1771 daAuts
    D:10: 1762 daAuts
    D:11: 1611 daAuts
  Lair:2: 1603 daAuts
    D:12: 1579 daAuts
     D:7: 1471 daAuts
     D:8: 1351 daAuts
     D:3: 1349 daAuts
